 Dungeon Crawl Stone Soup version 0.29.1-12-g30fa7ad0bf (webtiles) character file.

Game seed: 12531017385432411454

708 fantasyman the Covered (level 7, -3/59 HPs)
             Began as a Demigod Fighter on Dec 20, 2022.
             Killed by divine providence
             ... invoked by an orc priest
              (9 damage)
             ... on level 5 of the Dungeon.
             The game lasted 00:05:34 (7492 turns).

fantasyman the Covered (Demigod Fighter)            Turns: 7492, Time: 00:05:35

Health: -3/59      AC:  3    Str: 25    XL:     7   Next: 16%
Magic:  0/9        EV:  9    Int: 10    God:
Gold:   1014       SH:  5    Dex: 13    Spells: 6/6 levels left

rFire   . . .      SeeInvis .   a - +1 war axe
rCold   . . .      Faith    .   c - +1 buckler
rNeg    . . .      Spirit   +   b - +0 scale mail
rPois   +          Reflect  .   (no helmet)
rElec   .          Harm     .   (no cloak)
rCorr   .          Rampage  .   (no gloves)
Will    .....                   (no boots)
Stlth   ..........              i - amulet of guardian spirit
HPRegen 0.19/turn               l - ring of poison resistance
MPRegen 0.11/turn               (no ring)

@: mighty, corroded
A: high MP 1, forlorn, divine attributes
a: no special abilities


You were on level 5 of the Dungeon.
You visited 1 branch of the dungeon, and saw 6 of its levels.

You collected 1014 gold pieces.

Inventory:

Hand Weapons
 a - a +1 war axe (weapon)
Armour
 b - a +0 scale mail (worn)
 c - a +1 buckler (worn)
Jewellery
 i - an amulet of guardian spirit (around neck)
 l - a ring of poison resistance (left hand)
Scrolls
 k - 4 scrolls of fog
 p - a scroll of enchant weapon
 r - 3 scrolls of magic mapping
Potions
 d - a potion of might
 f - a potion of curing
 h - 2 potions of flight {unknown}
 j - a potion of cancellation {unknown}
 m - 4 potions of degeneration {unknown}
 n - a potion of resistance {unknown}
 o - a potion of ambrosia {unknown}


   Skills:
 * Level 4.2 Fighting
 - Level 5.1 Axes
 + Level 5.3 Armour
 - Level 2.6 Shields


You had 6 spell levels left.
You didn't know any spells.
Your spell library contained the following spells:

 Spells                   Type           Power      Damage    Failure   Level
 Ozocubu's Armour         Ice            0%         N/A       98%         3
 Corpse Rot               Necr/Pois/Air  0%         N/A       100%        4
 Dispel Undead            Necr           0%         3d6       100%        4
 Metabolic Englaciation   Hex/Ice        0%         N/A       100%        5
 Death Channel            Necr           0%         N/A       100%        6
 Simulacrum               Ice/Necr       0%         N/A       100%        6


Dungeon Overview and Level Annotations

Branches:
Dungeon (6/15)
 Temple: D:4-7


Innate Abilities, Weirdness & Mutations

You have an increased reservoir of magic. (+10% MP)
You shall have no god before yourself.
Your divine heritage dramatically boosts your attributes as you level up.


Message History

The gnoll hits you with a +0 whip.
The gnoll sergeant hits you with a +0 trident!
You slash the gnoll sergeant!
You kill the gnoll sergeant!
You slash the gnoll!
You kill the gnoll!
Your Fighting skill increases to level 4!
You have reached level 7!
Items here: ))) ††.
Found a cloak.
Found a scroll of identify.
The orc shouts!
A jelly comes into view.
An orc comes into view. It is wielding a +0 club.
An orc comes into view. It is wielding a +0 flail.
The orc shouts! x2
The jelly quivers.
The orc hits you with a +0 mace.
You slash the orc!
You kill the orc!
Things that are here:
a +0 mace; a +0 leather armour; a purple potion You slash the jelly!
Your hands burn!
The jelly is moderately wounded.
The jelly barely misses you.
You slash the jelly!
Your hands burn!
* * * LOW HITPOINT WARNING * * *
The jelly is severely wounded.
The jelly misses you. The jelly hits you.
* * * LOW HITPOINT WARNING * * *
The acid corrodes you!
You are splashed with acid!
* * * LOW HITPOINT WARNING * * *
You slash the jelly!
You kill the jelly!
The orc priest begins to cast a cantrip, but forgets the words!
You hit the orc.
You kill the orc!
The orc priest mumbles some strange prayers to Beogh against you.
Beogh smites you!
You die...

#....##
#######.....##
.............##
#####?.........
#........#.
#####.......##
..........[##
#.........##
#......@..#
#.....#)###
......#.#
#######o# .o.
... ... .....
##### ......


You could see an orc priest and an orc.

Vanquished Creatures
  A gnoll sergeant (D:5)
  2 scorpions (D:5)
  A wight (D:6)
  2 orc priests
  A hound (D:5)
  3 jellies
  Jessica (D:2)
  2 iguanas
  An orc wizard (D:5)
  3 gnolls (D:5)
  4 adders
  2 ufetubi (D:5)
  2 worms
  3 dart slugs
  13 orcs
  3 endoplasms (D:3)
  4 giant cockroaches
  14 goblins
  7 hobgoblins
  4 jackals (D:1)
  3 kobolds
  A quokka (D:3)
  7 ball pythons
  5 bats
  3 frilled lizards
  6 rats
98 creatures vanquished.

Notes
Turn   | Place    | Note
-------+----------+-------------------------------------------
     0 | D:1      | fantasyman the Demigod Fighter began the quest for the Orb.
     0 | D:1      | Reached XP level 1. HP: 18/18 MP: 3/3
   231 | D:1      | Reached XP level 2. HP: 25/25 MP: 4/4
   891 | D:1      | Identified a scroll of acquirement
   891 | D:1      | Acquired 849 gold pieces
   921 | D:2      | Noticed Jessica
   927 | D:2      | Killed Jessica
   928 | D:2      | Reached XP level 3. HP: 24/31 MP: 5/5
  1514 | D:2      | Reached XP level 4. HP: 22/38 MP: 6/6
  4576 | D:3      | Reached XP level 5. HP: 38/45 MP: 7/7
  4998 | D:3      | You fall into a shaft and drop 3 floors!
  5012 | D:6      | Noticed a black bear
  5310 | D:5      | Entered Level 5 of the Dungeon
  5902 | D:5      | Reached XP level 6. HP: 21/51 MP: 4/8
  7005 | D:5      | Reached skill level 5 in Axes
  7246 | D:5      | Reached skill level 5 in Armour
  7477 | D:5      | Reached XP level 7. HP: 24/59 MP: 1/9
  7492 | D:5      | Killed from afar by an orc priest

Illustrated notes

Levels and vault maps discovered:
D:1:      onia_arrival_mini_maze, layout_basic, minmay_ruptured
D:2:      cheibrodos_greedy_goblins, layout_basic, kennysheep_generic_room_12,
          uniq_jessica
D:3:      layout_basic
D:4:      layout_basic, minmay_temple_entry_enclosed_plants, serial_shops,
          nicolae_shop_statue_plus, uniq_blork_the_orc
D:5:      layout_loops_corners, chequers_jeans
D:6:      layout_loops_ring, grunt_temple_overflow_diamond,
          nicolae_wooded_promenade, kennysheep_boxes

Skill      XL: |  1  2  3  4  5  6 |
---------------+-------------------+-----
Axes           | 2 3 4 5 |  5.1
Fighting       | 3 4 |  4.2
Armour         | 3 4 5 |  5.3
Shields        | |  2.6

Action                   |  1- 3 |  4- 6 |  7- 9 || total
-------------------------+-------+-------+-------++-------
Melee: War axe           |    81 |   214 |     5 ||   300
  Use: Scroll            |     7 |     6 |       ||    13
       Potion            |       |     4 |       ||     4
Armor: Scale mail        |    54 |   114 |       ||   168
Dodge: Dodged            |    67 |   104 |     2 ||   173
Block: Buckler           |    29 |    48 |       ||    77
